Unix NetHack Version 3.7.0-88 Work-in-progress - last build Aug 21 2023 14:09:19 (b68ccb3e4f8f5dcb83e1e40b1ff56e7dffd4cd28,branch:master). Game began 2023-08-30 11:38:30, ended 2023-09-06 19:18:18. Grasshopper, neutral female human Wizard $D --------- /|.w.www.| |.wAwww.| [ ----- $ |.w@@ww.| % |.[. |"wwwww.|) --------- --).--------- |)[|.ww&ww.|))| --.......-- --))$|.......| ) |)$----|---- .| -..).)....---....|)......| $ ) [$ |...)...[.....||......).../...)..[..._$..| [ )$? ---....!....-----...!)."..---....|.......| $ [ -----|----- --......)-- --...|.......| -...)...-- ----.---- --..---------) $ ....))...--------...--- |... * .....)....|............ ----- [...)..[.--....[.[%.... -.......--........).... ----|----............). ...................... --------------------- Grasshopper the Wizard St:18/** Dx:23 Co:18 In:23 Wi:23 Ch:16 Neutral Astral Plane $:104 HP:410(410) Pw:605(605) AC:-58 Exp:28 T:58252 Satiated Latest messages: In what direction? 8 Status of the high priest of Thoth (neutral, medium): Level 32 HP 119(119) AC 3, peaceful. Pick an object. The purple worm drops a mace. The invisible guardian Angel of Thoth picks up a mace. What do you want to use or apply? [cfik-mq-wyJ-LPUWZ or ?*] q You produce a strange whistling sound. Several creatures shift locations and many others appear. The invisible Pestilence rises from the dead in a churning pillar of flies! What do you want to use or apply? [cfik-mq-wyJ-LPUWZ or ?*] q You produce a strange whistling sound. Many creatures shift locations. What do you want to drink? [nzEY or ?*] ? You feel completely healed. What do you want to use or apply? [cfik-mq-wyJ-LPUWZ or ?*] q You produce a strange whistling sound. Many creatures shift locations. The purple worm drops a long sword. The invisible guardian Angel of Thoth picks up 13 greased throwing stars. What do you want to use or apply? [cfik-mq-wyJ-LPUWZ or ?*] q You produce a strange whistling sound. Many creatures shift locations. What do you want to use or apply? [cfik-mq-wyJ-LPUWZ or ?*] q You produce a strange whistling sound. Many creatures shift locations. The purple worm drops a lembas wafer. The purple worm picks up a long sword. What do you want to use or apply? [cfik-mq-wyJ-LPUWZ or ?*] q You produce a strange whistling sound. Many creatures shift locations. The invisible Pestilence moves the purple worm out of the way! The purple worm picks up a mace. The purple worm drops a large shield. The purple worm drops a long sword. What do you want to use or apply? [cfik-mq-wyJ-LPUWZ or ?*] q You produce a strange whistling sound. Many creatures shift locations. Your candelabrum's candles' flames flicker low! What do you want to sacrifice? [g or ?*] g You offer the Amulet of Yendor to Thoth... An invisible choir sings, and you are bathed in radiance... The voice of Thoth thunders: "Mortal, thou hast done well!" "In return for thy service, I grant thee the gift of Immortality!" You ascend to the status of Demigoddess... Do you want your possessions identified? [ynq] (y) y Do you want to see your attributes? [ynq] (y) y Do you want an account of creatures vanquished? [ynaq] (y) y Do you want a list of species genocided and extinct? [ynaq] (y) y Do you want to see your conduct and achievements? [ynq] (y) y Do you want to see the dungeon overview? [ynq] (y) y Inventory: Coins ('$') $ - 104 gold pieces Amulets ('"') I - the blessed Eye of the Aethiopica Q - an uncursed amulet of life saving (being worn) Weapons (')') a - the blessed rustproof +2 Magicbane (weapon in hand) h - the blessed rustproof +6 Frost Brand o - 8 blessed rustproof +7 darts named +7 (at the ready) A - 12 blessed poisoned rustproof +7 darts named +7 Armor ('[') b - a blessed fireproof +5 cloak of protection (being worn) B - a blessed fireproof +4 pair of water walking boots (being worn) D - a blessed fireproof +4 small shield (being worn) G - a blessed fireproof +5 pair of gauntlets of dexterity (being worn) H - a blessed tempered +5 helm of brilliance (being worn) S - a blessed +5 silver dragon scale mail (being worn) T - a blessed +4 Hawaiian shirt with a plumeria motif (being worn) Comestibles ('%') F - a blessed lizard corpse named Lizard of Oz Wands ('/') f - an uncursed wand of cold (1:13) k - an uncursed wand of death (0:5) r - an uncursed wand of digging (0:4) w - an uncursed wand of sleep (1:11) y - an uncursed wand of teleportation (0:3) J - an uncursed wand of lightning (0:8) Z - an uncursed wand of teleportation (0:1) Rings ('=') d - an uncursed +5 ring of increase damage (on left hand) e - an uncursed +4 ring of increase damage (on right hand) Potions ('!') z - an uncursed potion of polymorph E - a cursed potion of sickness Y - an uncursed potion of acid Tools ('(') c - a blessed skeleton key named C2 51000ish i - a blessed greased bag of holding containing 109 items l - an uncursed magic marker (1:23) m - the uncursed Candelabrum of Invocation (7 of 7 candles, lit) q - a blessed magic whistle s - a blessed stethoscope t - a blessed wet towel u - a blessed +0 unicorn horn v - an uncursed magic marker (0:55) K - an uncursed tooled horn L - an uncursed magic lamp P - the blessed Platinum Yendorian Express Card U - a blessed oilskin sack named <<< CANCELLATION >>> containing 1 item W - a blessed greased magic harp named Stratocaster (0:3) Gems/Stones ('*') N - a blessed luckstone Contents of the bag of holding: a blessed amulet of flying an uncursed amulet of life saving an uncursed amulet of magical breathing an uncursed amulet of reflection an uncursed amulet of unchanging 5 blessed rustproof +7 darts named +7 18 blessed poisoned rustproof +7 darts named +7 9 blessed +7 silver daggers an uncursed +0 bullwhip the blessed rustproof +7 Vorpal Blade a blessed +0 helm of opposite alignment an uncursed burnt +0 cloak of magic resistance a blessed +3 mummy wrapping an uncursed +3 robe an uncursed magic lamp an uncursed banana 3 uncursed carrots an uncursed eucalyptus leaf 2 uncursed fortune cookies 4 uncursed K-rations 2 blessed lembas wafers 2 uncursed lembas wafers a blessed lump of royal jelly 2 uncursed pancakes 2 uncursed pancakes 2 uncursed tripe rations a blessed cockatrice egg 2 blessed eggs named chook an uncursed red naga egg 4 uncursed eggs named chook 3 blessed scrolls of blank paper an uncursed scroll of blank paper 2 blessed scrolls of charging a blessed scroll of genocide 3 blessed scrolls of gold detection 3 blessed scrolls of light a blessed scroll of remove curse an uncursed scroll of scare monster 2 cursed scrolls of teleportation an uncursed wand of cold (0:8) an uncursed wand of cold (0:8) an uncursed wand of cold (2:7) an uncursed wand of cold (0:6) an uncursed wand of death (0:8) an uncursed wand of death (0:7) an uncursed wand of death (0:6) an uncursed wand of digging (2:15) an uncursed wand of digging (0:8) an uncursed wand of digging (0:8) an uncursed wand of digging (0:7) an uncursed wand of digging (0:4) an uncursed wand of enlightenment (0:15) an uncursed wand of fire (0:7) an uncursed wand of light named 1 (0:12) an uncursed wand of lightning (0:8) an uncursed wand of locking (0:7) an uncursed wand of opening (0:8) an uncursed wand of polymorph named 1 (0:6) an uncursed wand of polymorph (0:6) an uncursed wand of probing (0:6) an uncursed wand of secret door detection (0:15) an uncursed wand of sleep (2:12) an uncursed wand of sleep named 0 (0:7) an uncursed wand of sleep (0:5) an uncursed wand of slow monster named 1 (0:7) an uncursed wand of slow monster (0:6) an uncursed wand of speed monster (2:10) an uncursed wand of speed monster (0:6) an uncursed wand of speed monster named 2 (0:6) an uncursed wand of striking (2:14) an uncursed wand of teleportation (0:8) an uncursed wand of teleportation (0:8) an uncursed wand of teleportation named 1 (1:5) a cursed wand of teleportation (0:7) an uncursed wand of undead turning (0:8) an uncursed wand of undead turning (0:6) an uncursed wand of wishing (0:2) a blessed +2 ring of adornment an uncursed +2 ring of adornment an uncursed ring of conflict an uncursed ring of free action an uncursed +1 ring of gain constitution an uncursed ring of levitation a blessed ring of polymorph an uncursed ring of polymorph control an uncursed +4 ring of protection named 1 a blessed ring of protection from shape changers an uncursed ring of regeneration an uncursed ring of searching a blessed ring of shock resistance an uncursed ring of slow digestion a blessed potion of enlightenment 3 blessed potions of full healing 3 uncursed potions of healing an uncursed potion of polymorph a blessed potion of restore ability an uncursed potion of see invisible 4 potions of holy water a potion of unholy water an uncursed sack named LOOOOT DO NOT REMOVE containing 1 item an uncursed can of grease (0:24) 7 uncursed tallow candles 7 uncursed wax candles 3 uncursed agate stones 3 uncursed amethyst stones an uncursed amethyst stone 2 uncursed aquamarine stones an uncursed opal an uncursed luckstone Contents of the sack named LOOOOT DO NOT REMOVE: an uncursed sack named 6 containing 1 item Contents of the sack named 6: an uncursed sack named 5 containing 1 item Contents of the sack named 5: an uncursed sack named 4 containing 1 item Contents of the sack named 4: an uncursed sack named 3 containing 1 item Contents of the sack named 3: an uncursed sack named 2 containing 1 item Contents of the sack named 2: an uncursed sack named 1 containing 1 item Contents of the sack named 1: a blessed bag of holding containing 22 items Contents of the bag of holding: 24 uncursed agate stones 17 uncursed amber stones 17 uncursed amethyst stones 17 uncursed aquamarine stones 8 uncursed black opals 7 uncursed chrysoberyl stones 25 uncursed citrine stones 12 uncursed diamonds 2 uncursed dilithium crystals 26 uncursed emeralds 17 uncursed fluorite stones 25 uncursed garnet stones 7 uncursed jacinth stones 18 uncursed jade stones 5 uncursed jasper stones 18 uncursed jet stones 29 uncursed obsidian stones 9 uncursed opals 12 uncursed rubies 13 uncursed sapphires 27 uncursed topaz stones 21 uncursed turquoise stones Contents of the oilskin sack named <<< CANCELLATION >>>: an uncursed wand of cancellation (1:15) Grasshopper the Wizard's attributes: Background: You were a Wizard, level 28 female human. You were neutral, on a mission for Thoth who was opposed by Ptah (lawful) and Anhur (chaotic). You were in the endgame, on the Astral Plane. You entered the dungeon 58252 turns ago. You had 87314254 experience points, 2685746 more were needed for level 29. Basics: You had all 410 hit points. You had all 605 energy points (spell power). Your armor class was -58. Your wallet contained 104 zorkmids. Autopickup was on for '$"%?+/=!*' plus thrown, with exceptions. Final Characteristics: Your strength was 18/100 (limit:18/100). Your dexterity was 23 (base:18, innate limit:18). Your constitution was 18 (limit:18). Your intelligence was 23 (base:18, innate limit:18). Your wisdom was 23 (base:18, innate limit:18). Your charisma was 16 (limit:18). Final Status: You were satiated. You were unencumbered. You were wielding a dagger. You had expert skill with dagger. Final Attributes: You were the Envoy of Balance. You were piously aligned. You were magic-protected. You were fire resistant. You were cold resistant. You were sleep resistant. You were disintegration resistant. You were shock resistant. You were poison resistant. You saw invisible. You were telepathic. You were warned. You would have confused monsters when hitting them. You were invisible to others. You were stealthy. You could teleport. You had teleport control. You could walk on water. You had a huge damage bonus (+13). You had a huge defense bonus (+20). You were protected. You took half spell damage. You were very fast. You had reflection. Your life would have been saved. You were extremely lucky. You had extra luck. Good luck did not time out for you. You survived. Miscellaneous: You encountered 1 bones level. Total elapsed playing time was 2 days, 3 hours, 35 minutes and 25 seconds. Major events: Turn 1: Grasshopper the neutral female human Wizard entered the dungeon 782: entered the Gnomish Mines 783: attained the rank of Conjurer (level 3) 2317: attained the rank of Thaumaturge (level 6) 3376: reached Mine Town 7035: was bestowed with Magicbane by Thoth 9125: entered Sokoban 9352: completed 1st Sokoban level 9810: completed 2nd Sokoban level 10303: completed 3rd Sokoban level 11197: completed 4th Sokoban level 11763: attained the rank of Magician (level 10) 15479: acquired the Mines' End luckstone 16471: acquired the Sokoban amulet of reflection 17762: performed her first genocide (class m) 19878: was bestowed with Frost Brand by Thoth 21518: read a Discworld novel 25064: attained the rank of Enchantress (level 14) 26249: destroyed inlawBiker's ghost, the former Enchanter 27383: made her first wish - "blessed fixed platinum yendorian express card", got "a credit card named the Platinum Yendorian Express Card" 27392: wished for "blessed greased tempered +5 helm of brilliance", got "a greased crystal helmet" 30184: killed the Dark One 30184: found the Eye of the Aethiopica carried by a monster 30189: acquired the Bell of Opening 30969: became Thoth's Envoy of Balance 30969: was bestowed with Vorpal Blade 31970: Culdaff, the rare books proprietor, has been killed 32007: Enrobwem, the hardware store proprietor, has been killed 32268: Tjisolok, the delicatessen proprietor, has been killed 36990: entered Gehennom 37986: killed Medusa 38093: attained the rank of Sorceress (level 18) 38110: found Sunsword carried by a monster 39913: attained the rank of Necromancer (level 22) 44284: killed Croesus 46117: genocided class L 48163: killed the Wizard of Yendor 48164: acquired the Book of the Dead 48199: killed the Wizard of Yendor (2nd time) 48200: killed the Wizard of Yendor (3rd time) 48315: wished for "uncursed magic marker", got "a magic marker" 49972: wished for "blessed fireproof +5 gauntlets of dexterity", got "a pair of old gloves" 50129: wished for "blessed greased fixed icebox named Westinghouse", got "a greased ice box named Westinghouse" 50246: killed the Wizard of Yendor (5th time) 50591: attained the rank of Wizard (level 26) 51259: killed Juiblex 52659: killed Orcus 52680: killed Baalzebub 52701: killed Asmodeus 54317: destroyed the invisible Vlad the Impaler 54321: acquired the Candelabrum of Invocation 55213: performed the invocation 55455: killed the high priest of Moloch 55455: acquired The Amulet of Yendor 55469: attained the rank of Mage (level 30) 56145: killed the Wizard of Yendor (10th time) 57247: wished for "uncursed magic marker", got "a magic marker" 57315: wished for "blessed greased fireproof magic harp named Stratocaster", got "a greased harp named Stratocaster" 57989: entered the Elemental Planes 57989: entered Plane of Earth 58031: entered Plane of Air 58071: entered Plane of Fire 58086: entered Plane of Water 58088: genocided class ; 58088: genocided class S 58153: entered the Astral Plane 58183: killed Famine 58211: killed Famine (2nd time) 58235: killed the invisible Pestilence 58252: ascended Vanquished creatures: Asmodeus Baalzebub Orcus Juiblex the Wizard of Yendor (12 times) Pestilence Famine (twice) Vlad the Impaler a high cleric a mastodon Medusa Croesus 16 krakens 5 iron golems 2 master liches a ki-rin 13 storm giants 4 titans 2 glass golems 6 purple worms a gray dragon 3 gold dragons 3 silver dragons 8 red dragons 4 white dragons 6 orange dragons 6 black dragons 3 blue dragons 6 green dragons 4 yellow dragons 26 minotaurs 5 jabberwocks the Dark One 13 baluchitheria 28 Angels 4 demiliches a stone golem 4 master mind flayers 5 Olog-hai 2 Nazgul 13 pit fiends 4 sandestins 2 hell hounds 2 displacer beasts 5 titanotheres 6 trappers a baby gray dragon 6 guardian nagas 3 genetic engineers 5 disenchanters 28 vampire leaders 3 skeletons 3 shopkeepers a prisoner 38 aligned clerics 7 captains 6 shades 7 liches 6 clay golems 8 nurses 11 ice devils 4 nalfeshnees 10 lurkers above 3 Aleaxes 3 frost giants 5 ettins 5 golden nagas 10 black puddings 33 vampires 13 lieutenants a watch captain 40 ghosts 2 monks a rogue 3 queen bees 3 winged gargoyles 9 mind flayers 2 giant mimics 6 long worms 6 zruties 17 fire giants 11 ogre tyrants 4 ice trolls 6 rock trolls 15 umber hulks 13 flesh golems 6 elven monarchs 4 doppelgangers 15 hezrous 15 bone devils 2 large mimics 2 wumpuses 3 baby purple worms 3 couatls 24 stalkers 6 air elementals 6 fire elementals 7 earth elementals 5 water elementals 23 hill giants 4 giant mummies 4 black nagas 22 xorns 20 giant zombies 24 elf-nobles 32 sergeants 8 barbed devils 4 vrocks 2 salamanders 17 wargs 10 winter wolves 5 hell hound pups 4 small mimics 2 glass piercers 7 warhorses 8 steam vortices 17 xans 6 ettin mummies 14 ogre leaders 14 quantum mechanics 21 trolls 4 sasquatches 5 wood golems 3 erinyes 4 mariliths 8 sharks 14 electric eels 13 gelatinous cubes 5 pyrolisks 2 large dogs 3 freezing spheres 16 flaming spheres 9 shocking spheres 4 large cats 7 tigers 10 gargoyles 2 dwarf rulers 14 tengu 9 ochre jellies 19 leocrottas 4 energy vortices 3 mountain centaurs 4 stone giants 2 elf mummies 5 human mummies 4 red nagas 4 green slimes 6 pythons 6 pit vipers 8 cobras 54 wraiths 6 carnivorous apes 23 ettin zombies 7 leather golems 10 Grey-elves 119 soldiers 4 watchmen 7 amorous demons 9 horned devils 8 chameleons 5 crocodiles 16 giant beetles 7 quivering blobs 23 cockatrices 13 wolves 4 winter wolf cubs 3 lynxes 3 panthers 24 gremlins 2 spotted jellies 81 leprechauns 8 orc-captains 4 iron piercers 3 mumakil 17 giant spiders 6 scorpions 9 horses 4 ice vortices a baby long worm 11 black lights 73 vampire bats 5 forest centaurs 4 gnome rulers 8 orc mummies 6 dwarf mummies 9 ogres 4 brown puddings 12 rust monsters 18 owlbears 8 yetis 5 werewolves 13 Green-elves 6 piranha 22 giant eels 21 lizards 11 chickatrices 3 dingoes 4 dogs 5 housecats 9 jaguars 5 dwarf leaders 10 blue jellies 5 white unicorns 3 gray unicorns 4 black unicorns 12 dust vortices 20 ravens 2 plains centaurs 5 gnome mummies 6 snakes 2 water moccasins 11 apes 18 human zombies 5 rope golems 25 Woodland-elves 16 soldier ants 6 fire ants 24 bugbears 7 imps 6 lemures 14 quasits 6 wood nymphs 5 water nymphs 14 mountain nymphs 21 Mordor orcs 50 Uruk-hai 7 orc shamans 14 rock piercers 11 rock moles 5 ponies 13 fog clouds 20 yellow lights a shrieker 9 violet fungi 26 gnome leaders 11 gnomish wizards 3 kobold mummies 14 gray oozes 6 barrow wights 18 elf zombies 9 ghouls 3 straw golems 4 paper golems 8 jellyfish 28 giant ants 2 little dogs 12 floating eyes 4 kittens 26 dwarves 11 homunculi 7 kobold leaders 9 kobold shamans 38 hill orcs 13 rothes 4 rabid rats 4 centipedes 18 giant bats 2 monkeys 28 orc zombies 23 dwarf zombies 5 wererats 3 werejackals 14 iguanas 70 killer bees 39 acid blobs 5 coyotes 3 gas spores 11 hobbits 16 manes 2 large kobolds 6 hobgoblins 8 giant rats 21 cave spiders 5 brown molds 4 yellow molds 4 green molds 75 gnomes 32 garter snakes 13 gnome zombies 10 geckos 5 jackals 2 foxes 6 kobolds 2 goblins a sewer rat 8 grid bugs 10 bats 4 lichens 9 kobold zombies 17 newts 3019 creatures vanquished. Genocided or extinct species: arch-liches krakens master liches demiliches liches giant mimics large mimics small mimics erinyes (extinct) sharks electric eels pythons pit vipers cobras soldiers (extinct) piranha giant eels snakes water moccasins jellyfish garter snakes 19 species genocided. 2 species extinct. Voluntary challenges: You read items or engraved 259 times. You never engraved Elbereth. You genocided 19 types of monsters. You used 7 wishes (2 for artifacts). You did not violate any of the special Sokoban rules. Achievements: You entered the Gnomish Mines. You attained the rank of Conjurer. You attained the rank of Thaumaturge. You entered Minetown. You entered a shop. You entered a temple. You entered Sokoban. You attained the rank of Magician. You completed the Gnomish Mines. You completed Sokoban. You read from a Discworld novel. You attained the rank of Enchantress. You handled the Bell of Opening. You learned the tune to open and close the Castle's drawbridge. You entered Gehennom. You defeated Medusa. You attained the rank of Sorceress. You attained the rank of Necromancer. You handled the Book of the Dead. You attained the rank of Wizard. You had the Candelabrum of Invocation. You gained access to Moloch's Sanctum. You attained the rank of Mage. You reached the Elemental Planes. You reached the Astral Plane. You delivered the Amulet of Yendor. You ascended! The Elemental Planes: Astral Plane: <- You are here. Some temples. Plane of Water: Plane of Fire: Plane of Air: Plane of Earth: The Dungeons of Doom: levels 1 to 26 Level 1: "dart" One way stairs up to The Elemental Planes. Level 2: Some fountains. Level 3: A fountain. Stairs down to The Gnomish Mines. Level 4: Level 5: "OLD LAIR" An altar to Thoth, a fountain. Level 6: A fountain. Level 7: A fountain. Oracle of Delphi. Level 8: Stairs up to Sokoban, level 7. Level 9: A fountain. Level 10: A fountain. Level 11: A fountain. Level 12: "lep -s" Some fountains. Level 13: Portal to The Quest. Level 14: A fountain. Level 15: A primitive area. Level 16: A fountain. Portal to Fort Ludios. Level 17: A fountain. Level 18: "LAIR" A general store, an altar to Thoth. Level 19: Level 20: "c" A fountain. Level 21: "lep" Level 22: A fountain. Level 23: "Medusa titan" Level 24: "Sprog" Level 25: Level 26: "poly" A fountain. The castle. Connection to Gehennom. Gehennom: levels 27 to 48 Level 27: A temple, many graves. Valley of the Dead. Level 28: "Asmo" Level 29: Level 30: Level 31: "Jubes" A fountain. Level 32: Level 33: "Baalz" Level 34: Level 35: Level 36: "Orcus" Some shops, an altar, many graves. Level 37: Level 38: Level 39: Stairs up to Vlad's Tower, level 38. Level 40: Level 41: "Rodders" Level 42: "c" Level 43: "wiz bottom c" Level 44: Level 45: "c" Level 46: "wiz portal" Level 47: "VS" Level 48: A temple, many graves. Moloch's Sanctum. The Gnomish Mines: levels 4 to 12 Level 4: Level 5: Level 6: Level 7: Many shops, a temple to Thoth, some fountains. Level 8: Level 9: Level 10: Level 11: Level 12: The Quest: levels 1 to 6 Level 1: Completed quest for Neferet the Green. Level 2: Level 3: "poly" A grave. Final resting place for inlawBiker-Wiz-Hum-Mal-Neu, choked on a wraith corpse. Level 4: "poly" Level 5: "poly" Level 6: A temple to Thoth. Sokoban: levels 7 up to 4 Level 4: Solved. Level 5: Solved. Level 6: Solved. Level 7: Solved. Fort Ludios: Level 1: Vlad's Tower: levels 38 up to 36 Level 36: Level 37: Level 38: Goodbye Grasshopper the Demigoddess... You and the invisible guardian Angel of Thoth and the purple worm and the purple worm and the purple worm and the purple worm and the purple worm and the purple worm went to your reward with 3653253 points, Magicbane (worth 3500 zorkmids and 8750 points) Frost Brand (worth 3000 zorkmids and 7500 points) Vorpal Blade (worth 4000 zorkmids and 10000 points) The Candelabrum of Invocation (worth 5000 zorkmids and 12500 points) The Eye of the Aethiopica (worth 4000 zorkmids and 10000 points) The Platinum Yendorian Express Card (worth 7000 zorkmids and 17500 points) 29 obsidian stones (worth 5800 zorkmids), 27 topaz stones (worth 24300 zorkmids), 27 agate stones (worth 5400 zorkmids), 26 emeralds (worth 65000 zorkmids), 25 citrine stones (worth 37500 zorkmids), 25 garnet stones (worth 17500 zorkmids), 21 turquoise stones (worth 42000 zorkmids), 21 amethyst stones (worth 12600 zorkmids), 19 aquamarine stones (worth 28500 zorkmids), 18 jet stones (worth 15300 zorkmids), 18 jade stones (worth 5400 zorkmids), 17 amber stones (worth 17000 zorkmids), 17 fluorite stones (worth 6800 zorkmids), 13 sapphires (worth 39000 zorkmids), 12 diamonds (worth 48000 zorkmids), 12 rubies (worth 42000 zorkmids), 10 opals (worth 8000 zorkmids), 8 black opals (worth 20000 zorkmids), 7 jacinth stones (worth 22750 zorkmids), 7 chrysoberyl stones (worth 4900 zorkmids), 5 jasper stones (worth 2500 zorkmids), 2 dilithium crystals (worth 9000 zorkmids), 2 amulets of life saving (worth 300 zorkmids), 1 amulet of unchanging (worth 150 zorkmids), 1 amulet of reflection (worth 150 zorkmids), 1 amulet of magical breathing (worth 150 zorkmids), 1 amulet of flying (worth 150 zorkmids), and 104 pieces of gold, after 58252 moves. You were level 28 with a maximum of 410 hit points when you ascended.